 Dungeon Crawl Stone Soup version 0.30-b1-7-gcb88a99046 (webtiles) character file.

Game seed: 16635570493905259931

3964 safid the Frost Mage (level 10, -6/124 HPs)
             Began as a Merfolk Ice Elementalist on May 5, 2023.
             Mangled by a gnoll bouda
             ... wielding a +0 club
              (9 damage)
             ... on level 6 of the Dungeon.
             The game lasted 00:15:37 (7953 turns).

safid the Frost Mage (Merfolk Ice Elementalist)     Turns: 7953, Time: 00:15:38

Health: -6/124     AC: 34    Str:  9    XL:     10   Next: 22%
Magic:  14/21      EV:  2    Int: 22    God:
Gold:   485        SH:  0    Dex: 15    Spells: 17/24 levels left

rFire   . . .        n - +7 mace "Fujagoof" {flame, rC+ Int+4}
rCold   + . .        (no shield)
rNeg    . . .        l - melded +0 robe {rC+}
rPois   +            (helmet currently unavailable)
rElec   .            (cloak currently unavailable)
rCorr   .            (gloves currently unavailable)
SInv    .            r - melded +0 pair of boots
Will    .....        (no amulet)
Stlth   ++           (no ring)
HPRegen 0.40/turn    (no ring)
MPRegen 0.17/turn

%: no passive effects
@: ice-armoured, tree-form, weakened
A: stationary, stasis, torment immunity, boosted hp, (nimble swimmer 2),
(mertail)
a: no special abilities


You were on level 6 of the Dungeon.
You were a tree.
You visited 1 branch of the dungeon, and saw 8 of its levels.

You collected 485 gold pieces.

Inventory:

Hand Weapons
 n - the +7 mace "Fujagoof" (weapon) {flame, rC+ Int+4}
   (You found it on level 2 of the Dungeon)

   Int:       It affects your intelligence (+4).
   rC:        It protects you from cold.
Armour
 l - a +0 robe of cold resistance (melded)
 r - a +0 pair of boots (melded)
Wands
 d - a wand of paralysis (7)
 y - a wand of digging (6)
Scrolls
 c - 3 scrolls of teleportation
 o - a scroll of amnesia
 p - a scroll of noise {unknown}
 s - 2 scrolls of fog
 t - 3 scrolls of blinking {unknown}
 u - a scroll of summoning {unknown}
 v - 3 scrolls of enchant weapon
 w - a scroll of silence {unknown}
 x - 2 scrolls of immolation
Potions
 a - a potion of might {unknown}
 b - 2 potions of magic
 e - 2 potions of curing {unknown}
 f - 3 potions of haste {unknown}
 g - a potion of attraction {unknown}
 h - 2 potions of lignification
 j - a potion of cancellation {unknown}
 k - a potion of heal wounds {unknown}
 q - a potion of flight {unknown}


   Skills:
 + Level 9.1 Fighting
 - Level 2.6 Dodging
 - Level 2.1 Stealth
 + Level 7.9 Spellcasting
 + Level 10.2 Ice Magic


You had 17 spell levels left.
You knew the following spells:

 Your Spells              Type           Power      Damage    Failure   Level
a - Freeze                Ice            100%       1d10      1%          1
b - Frozen Ramparts       Ice            100%       1d16      1%          3
c - Ozocubu's Armour      Ice            52%        N/A       1%          3

Your spell library contained the following spells:

 Spells                   Type           Power      Damage    Failure   Level
 Apportation              Tloc           16%        N/A       8%          1
 Necrotise                Necr           32%        1d5       8%          1
 Summon Small Mammal      Summ           32%        N/A       8%          1
 Summon Ice Beast         Ice/Summ       31%        N/A       9%          4
 Cigotuvi's Dreadful Rot  Necr/Pois/Air  16%        N/A       12%         2
 Tukima's Dance           Hex            8%         N/A       22%         3
 Vhi's Electric Charge    Tloc/Air       16%        N/A       22%         3
 Dispel Undead            Necr           8%         3d8       58%         4
 Passage of Golubria      Tloc           8%         N/A       58%         4
 Arcjolt                  Conj/Air       4%         1d14      91%         5
 Yara's Violent Unravell  Hex/Tmut       4%         3d4       91%         5
 Death Channel            Necr           4%         N/A       100%        6
 Maxwell's Capacitive Co  Air            4%         ∞         100%        8


Dungeon Overview and Level Annotations

Branches:
Dungeon (8/15)             Temple (0/1) D:6
   Lair: D:8-11

Altars:
Ashenzari
Dithmenos
Hepliaklqana
Kikubaaqudgha
Nemelex Xobeh
Okawaru
Qazlal
The Shining One

Shops:
D:5 !*(   D:6 [   D:7 [


Innate Abilities, Weirdness & Mutations

You are a tree.
Your roots penetrate the ground, keeping you stationary.
You cannot be teleported.
You are immune to unholy pain and torment.
Your maximum health is greatly increased.
Your equipment is partially melded.
((You are very nimble when in or above water. (Stealth+, EV+, Speed+++)))
((Your lower body shifts to a powerful aquatic tail in water.))


Message History

The gnoll bouda hits you but does no damage.
The gnoll zaps a wand.
Your mind is blasted!
* * * LOW HITPOINT WARNING * * *
The gnoll hits you but does no damage.
Unknown command.
You hit the gnoll bouda but do no damage.
The gnoll hits you but does no damage.
The gnoll bouda gazes fiercely through you!
You feel your attacks grow feeble.
The gnoll bouda hits you but does no damage.
The gnoll zaps a wand.
Your mind is blasted!
* * * LOW HITPOINT WARNING * * *
The gnoll hits you but does no damage. x2; The gnoll zaps a wand.
Your mind is blasted!
* * * LOW HITPOINT WARNING * * *
The gnoll bouda hits you but does no damage.
Unknown command.
Unknown command.
Casting: Ozocubu's Armour (safe; 1% risk of failure)
Confirm with . or Enter, or press ? or * to list all spells.
Aiming: Freeze (safe; 1% risk of failure)
Press: ? - help, Shift-Dir - straight line, f - gnoll
Aim: a gnoll, wielding a +0 flail (covering ground quickly)
You freeze the gnoll.
The gnoll is moderately wounded.
The frozen ramparts melt away.
The gnoll hits you but does no damage. x2
The gnoll bouda hits you but does no damage.
The gnoll hits you but does no damage.
Casting: Freeze (safe; 1% risk of failure)
Confirm with . or Enter, or press ? or * to list all spells.
Aiming: Freeze (safe; 1% risk of failure)
Press: ? - help, Shift-Dir - straight line, f/p - gnoll
Aim: a gnoll, wielding a +0 flail (moderately wounded, covering ground quickly)
You freeze the gnoll.
The gnoll is moderately wounded.
The gnoll hits you with a +0 flail.
* * * LOW HITPOINT WARNING * * *
The gnoll hits you but does no damage.
The gnoll bouda hits you with a +0 club!
You die...

###.(......###........##......##
# ##........####.###........##.#
###..............# ###......##.##
##...........#############..##..#
...........###8......... #.[....#
..###.......##....⌠.⌠....#......#
.## ##......##..>g....>. #.......
..# #.....#.#.ggg⌠.⌠... #.......
.#####.......#8.♣)...... #.......
..#..#.......#############.......
.......#....#.......##..#.##.....
.##..###..###.......##..#.#......
.###....#.##............#[.......
........#..#.........#...)......#
#............##......##........##
#..######..#(##.................#
...### ##.###..............#...#


You could see a gnoll bouda and 3 gnolls.

Vanquished Creatures
  Sigmund (D:6)
  2 wyverns (D:8)
  6 yaks
  A steam dragon (D:8)
  2 water moccasins
  3 orc warriors
  2 black bears
  4 ogres
  A centaur (D:8)
  3 kobold brigands (D:7)
  A bullfrog (D:7)
  3 scorpions
  A howler monkey (D:6)
  3 hounds
  5 orc priests
  A gnoll bouda (D:7)
  5 jellies
  2 iguanas
  4 orc wizards
  10 gnolls
  12 adders
  A shadow imp (D:4)
  2 white imps
  2 ufetubi (D:7)
  2 worms (D:2)
  A dart slug (D:5)
  31 orcs
  5 ball pythons
  3 bats
  5 endoplasms
  2 giant cockroaches (D:4)
  7 goblins
  8 hobgoblins
  3 jackals (D:2)
  15 kobolds
  3 quokkas
  2 frilled lizards (D:3)
  2 rats (D:1)
166 creatures vanquished.

Vanquished Creatures (others)
  A human (D:3)
  3 orc wizards
  2 orcs (D:8)
6 creatures vanquished.

Grand Total: 172 creatures vanquished

Notes
Turn   | Place    | Note
-------+----------+-------------------------------------------
     0 | D:1      | safid the Merfolk Ice Elementalist began the quest for the
                  | Orb.
     0 | D:1      | Reached XP level 1. HP: 13/13 MP: 3/3
   190 | D:1      | Reached XP level 2. HP: 18/20 MP: 0/5
   288 | D:1      | Reached skill level 1 in Fighting
   709 | D:2      | Reached XP level 3. HP: 23/26 MP: 2/6
   714 | D:2      | Learned a level 3 spell: Frozen Ramparts
   966 | D:2      | Reached skill level 5 in Ice Magic
   966 | D:2      | Reached XP level 4. HP: 20/33 MP: 2/8
  1048 | D:2      | Learned a level 3 spell: Ozocubu's Armour
  1089 | D:2      | Identified the +7 mace "Fujagoof" {flame, rC+ Int+4}
  1241 | D:2      | Found a broken altar of Ashenzari.
  1378 | D:3      | Found a shadowy altar of Dithmenos.
  1476 | D:3      | Found an iron altar of Okawaru.
  1632 | D:3      | Reached XP level 5. HP: 26/39 MP: 2/9
  2338 | D:3      | Found an ancient bone altar of Kikubaaqudgha.
  2341 | D:3      | Noticed a human
  2343 | D:3      | Killed a human
  2621 | D:4      | Reached XP level 6. HP: 47/47 MP: 8/11
  2704 | D:4      | Found a hazy altar of Hepliaklqana.
  2786 | D:4      | Reached skill level 6 in Ice Magic
  3125 | D:5      | Entered Level 5 of the Dungeon
  3143 | D:5      | Reached XP level 7. HP: 36/54 MP: 5/13
  3460 | D:5      | Found Ribbaod's Distillery.
  3461 | D:5      | Found Aniges's Assorted Antiques.
  3463 | D:5      | Found Olofaw's Weapon Boutique.
  3785 | D:5      | Reached skill level 5 in Fighting
  3912 | D:5      | Reached skill level 7 in Ice Magic
  3912 | D:5      | Reached XP level 8. HP: 49/62 MP: 8/15
  4138 | D:6      | Found Veungeco's Armour Emporium.
  4283 | D:6      | Reached skill level 5 in Spellcasting
  4852 | D:6      | Noticed a yak
  4862 | D:6      | Killed a yak
  4955 | D:6      | Found a stormy altar of Qazlal.
  5039 | D:6      | Reached skill level 8 in Ice Magic
  5106 | D:6      | Noticed Sigmund
  5118 | D:6      | Killed Sigmund
  5119 | D:6      | Reached XP level 9. HP: 66/71 MP: 11/18
  5396 | D:7      | Found Nag Binu's Antique Armour Shoppe.
  5711 | D:7      | Identified the +4 quarterstaff "Vies" {drain, Str+4}
  6035 | D:7      | Reached skill level 9 in Ice Magic
  6653 | D:8      | Found a glowing golden altar of the Shining One.
  7012 | D:8      | Found a sparkling altar of Nemelex Xobeh.
  7284 | D:8      | Reached XP level 10. HP: 65/82 MP: 10/21
  7286 | D:8      | Reached skill level 10 in Ice Magic
  7679 | D:6      | Found a staircase to the Ecumenical Temple.
  7951 | D:6      | HP: 4/124 [disintegration[a gnoll bouda] (10)]
  7953 | D:6      | Mangled by a gnoll bouda

Illustrated notes

Levels and vault maps discovered:
D:1:      onia_arrival_pyramid, layout_loops_ring, hangedman_decor_points
D:2:      layout_rooms, basic_altar
D:3:      kennysheep_six_static_rooms, layout_loops_ring,
          nicolae_overflow_hidden_temple, nicolae_dithmenos_shadow_blocks,
          tgw_kikubaaqudgha, grunt_decor_clamped
D:4:      layout_cave_pools, nzn_hepliaklqana_mist_gate
D:5:      layout_cave_pools, hangedman_decor_clover_reticule, moated_statue,
          chequers_serial_rivers_micro_d, nicolae_shop_distant_corner_stores
D:6:      layout_cave_pools, kennysheep_mini, minmay_temple_entry_from_below_b,
          serial_shops, nicolae_shop_window_shopping,
          nicolae_kite_square_tiling_tiny, kennysheep_generic_room_15,
          uniq_sigmund
D:7:      layout_basic, serial_shops, shop
D:8:      layout_loops_ring, kennysheep_little_box, nicolae_tso_carved_into_rock

Skill      XL: |  1  2  3  4  5  6  7  8  9 10 |
---------------+-------------------------------+-----
Fighting       | 1 2 3 4 5 6 8 9 |  9.1
Ice Magic      | 5 6 7 8 9 10 | 10.2
Spellcasting   | 3 4 6 7 |  7.9
Dodging        | |  2.6
Stealth        | |  2.1

Action                     |  1- 3 |  4- 6 |  7- 9 | 10-12 || total
---------------------------+-------+-------+-------+-------++-------
  Melee: Dagger            |    41 |       |       |       ||    41
         Unarmed           |     1 |       |       |       ||     1
         Punch             |     1 |       |     1 |       ||     2
         Mace              |       |    60 |    65 |    11 ||   136
   Cast: Freeze            |    32 |    24 |    26 |     2 ||    84
         Frozen Ramparts   |       |     8 |    37 |     2 ||    47
         Ozocubu's Armour  |       |     1 |    22 |     2 ||    25
    Use: Scroll            |       |       |     9 |     2 ||    11
         Potion            |       |       |       |     1 ||     1
   Stab: Sleeping          |     2 |     4 |       |       ||     6
 Armour: Robe              |    13 |     9 |    33 |     9 ||    64
         Skin              |       |       |       |    21 ||    21
  Dodge: Dodged            |    60 |    52 |    66 |    10 ||   188
